 Dungeon Crawl Stone Soup version 0.28-a0-773-g130ae17fe5 (webtiles) character file.

Game seed: 11189825429380040094

3259 jasper the Cleaver (level 9, -6/75 HPs)
             Began as a Demonspawn Cinder Acolyte on Nov 1, 2021.
             Was an Initiate of Ignis.
             Succumbed to an orc warrior's poison
             ... on level 6 of the Dungeon.
             The game lasted 00:12:06 (7746 turns).

jasper the Cleaver (Demonspawn Cinder Acolyte)      Turns: 7746, Time: 00:12:07

Health: -6/75      AC: 15    Str: 13    XL:     9   Next: 68%
Magic:  10/10      EV:  8    Int: 16    God:    Ignis [......]
Gold:   283        SH:  0    Dex:  9    Spells: 10/10 levels left

rFire   + + .      SeeInvis .   s - +8 war axe of Uskayaw's Hatred {flame, Fly rElec rN+ Str-4}
rCold   . . .      Faith    .   (no shield)
rNeg    + . .      Spirit   .   y - +1 scale mail {rF+}
rPois   .          Reflect  .   (no helmet)
rElec   +          Harm     .   l - +2 cloak
rCorr   .          Rampage  .   f - +0 pair of gloves
Will    .....                   z - +0 pair of boots
Stlth   ..........              (no amulet)
HPRegen 0.22/turn               (no ring)
MPRegen 0.12/turn               (no ring)

@: lethally poisoned (-6 -> -42), flying
A: claws 1, slimy green scales 2, demonic guardian 1, foul stench 1
a: Renounce Religion


You were on level 6 of the Dungeon.
You worshipped Ignis.
Ignis was noncommittal.
You visited 1 branch of the dungeon, and saw 6 of its levels.

You collected 283 gold pieces.

Inventory:

Hand Weapons
 a - a +0 hand axe of flaming
 h - a +0 whip of freezing
 j - a +0 hunting sling
 o - a +2 dagger of venom
 s - the +8 war axe of Uskayaw's Hatred (weapon) {flame, Fly rElec rN+ Str-4}
   (You took it off an orc on level 5 of the Dungeon)

   It burns those it strikes, dealing additional fire damage.
   Big, fiery blades are also staple armaments of hydra-hunters.
   Str:       It affects your strength (-4).
   rElec:     It insulates you from electricity.
   rN:        It protects you from negative energy.
   Fly:       It grants you flight.
 v - a +0 war axe
Missiles
 e - 100 stones (quivered)
 k - 65 sling bullets
 p - 7 poisoned darts
 u - 2 throwing nets
Armour
 b - a +0 robe
 c - a +0 ring mail
 d - +0 acid dragon scales
 f - a +0 pair of gloves (worn)
 l - a +2 cloak (worn)
 y - a +1 scale mail of fire resistance (worn)
 z - a +0 pair of boots (worn)
Jewellery
 n - a ring of fire
Wands
 m - a wand of acid (9)
Scrolls
 w - a scroll of immolation
 x - a scroll of teleportation
Potions
 g - a potion of heal wounds
 i - a potion of flight
 q - 2 potions of curing
 t - a potion of attraction {unknown}
 A - a potion of mutation {unknown}


   Skills:
 + Level 8.5 Fighting
 * Level 10.6 Axes
 + Level 0.8 Armour
 - Level 1.0 Spellcasting
 - Level 2.6 Fire Magic


You had 10 spell levels left.
You didn't know any spells.
Your spell library contained the following spells:

 Spells                   Type           Power      Damage    Failure   Level
 Scorch                   Fire           18%        2d5       50%         2


Dungeon Overview and Level Annotations

Branches:
Dungeon (6/15)             Temple (0/1) D:6

Altars:
Dithmenos
Hepliaklqana
Kikubaaqudgha
Sif Muna

Shops:
D:2 !


Innate Abilities, Weirdness & Mutations

You have sharp fingernails.
You are mostly covered in slimy green scales. (AC +3)
A weak demonic guardian rushes to your aid.
You may rarely emit foul miasma when damaged in melee.


Message History

You take 3 damage, and have 71/75 hp.
You hit the orc warrior but do no damage.
You feel very sick.
The orc warrior hits you with a +2 glaive of venom!
You are more poisoned.
You take 14 damage, and have 57/75 hp.
You closely miss the orc warrior.
You feel very sick.
The orc warrior hits you with a +2 glaive of venom!
You are more poisoned.
You take 19 damage, and have 38/75 hp.
MASSIVE DAMAGE!!
You completely miss the orc warrior.
You feel extremely sick.
The orc warrior hits you with a +2 glaive of venom.
You take 8 damage, and have 30/75 hp.
You slash the orc warrior! You burn the orc warrior.
The orc warrior is heavily wounded.
You closely miss the orc wizard.
You feel very sick.
The orc warrior hits you but does no damage.
The orc wizard casts a spell at you.
You easily resist.
You take 4 damage, and have 26/75 hp.
You hit the orc warrior. You burn the orc warrior.
The orc warrior is severely wounded.
You slash the orc wizard! You burn the orc wizard.
You feel very sick.
The orc warrior hits you with a +2 glaive of venom!
* * * LOW HITPOINT WARNING * * *
A demonic guardian appears!
You are more poisoned.
The orc wizard casts a spell at you. The magic dart hits you.
* * * LOW HITPOINT WARNING * * *
You take 24 damage, and have 2/75 hp.
MASSIVE DAMAGE!!
Okay, then.
You hit the orc warrior. You burn the orc warrior.
The orc warrior is almost dead.
You closely miss the orc wizard.
You die...

#####..รท.). ..
# ####.#. #. .#
#..# .#####.
####.# #...
....... .....
####..#
..##...##..#
.......#.
..##...##.#
######...
......o...# #...
.....>o@5.#
.######..#
........))#
#.......#.
..##...##.##
.######..#
..##...##.)#...#
#...
...............#
#...
.######.####...#
#.#. #.# ####
#..# #.# #...
#.# #..#


You could see an orc warrior (ally target), an orc wizard and a friendly white
imp (summoned).

Vanquished Creatures
  A two-headed ogre (D:6)
  A kobold demonologist (D:6)
  Prince Ribbit (D:5)
  2 shadows (D:6)
  A black bear (D:6)
  3 centaurs (D:6)
  2 ogres
  A phantom (D:5)
  A gnoll sergeant (D:6)
  3 scorpions
  A water moccasin skeleton (D:5)
  2 centaur zombies
  4 orc priests
  3 bullfrog skeletons
  3 hounds (D:6)
  2 jellies
  A gnoll shaman (D:5)
  An iguana (D:6)
  An orc wizard (D:5)
  A killer bee zombie (D:6)
  15 adders
  16 gnolls
  2 river rats (D:5)
  A shadow imp (D:5)
  An ufetubus (D:5)
  A worm (D:2)
  2 dart slugs (D:3)
  11 orcs
  4 endoplasms
  5 giant cockroaches
  10 hobgoblins
  14 jackals
  5 quokkas
  12 ball pythons
  2 bats
  4 frilled lizards
  8 goblins
  7 kobolds
  11 rats
166 creatures vanquished.

Vanquished Creatures (collateral kills)
  An acid dragon (D:6)
  A foxfire (D:5)
2 creatures vanquished.

Vanquished Creatures (others)
  93 foxfires
  8 plants
101 creatures vanquished.

Grand Total: 269 creatures vanquished

Notes
Turn   | Place    | Note
-------+----------+-------------------------------------------
     0 | D:1      | jasper the Demonspawn Cinder Acolyte began the quest for
                  | the Orb.
     0 | D:1      | Reached XP level 1. HP: 18/18 MP: 2/2
   337 | D:1      | Found a faded altar of an unknown god.
   345 | D:1      | Reached skill level 3 in Axes
   419 | D:1      | Gained mutation: You are partially covered in slimy green
                  | scales. (AC +2) [demonic ancestry]
   419 | D:1      | Reached XP level 2. HP: 24/24 MP: 3/3
  1204 | D:2      | Reached XP level 3. HP: 29/29 MP: 4/4
  1919 | D:2      | Found Docze's Distillery.
  1938 | D:2      | Reached skill level 4 in Axes
  1938 | D:2      | Reached XP level 4. HP: 25/37 MP: 5/5
  3041 | D:3      | Gained mutation: You are mostly covered in slimy green
                  | scales. (AC +3) [demonic ancestry]
  3041 | D:3      | Reached XP level 5. HP: 42/42 MP: 6/6
  4007 | D:4      | Noticed an ogre
  4011 | D:4      | Killed an ogre
  4012 | D:4      | Reached skill level 5 in Axes
  4121 | D:4      | Reached XP level 6. HP: 40/49 MP: 7/7
  5057 | D:5      | Entered Level 5 of the Dungeon
  5059 | D:5      | Noticed Prince Ribbit
  5071 | D:5      | Reached skill level 5 in Fighting
  5076 | D:5      | Killed Prince Ribbit
  5077 | D:5      | Reached skill level 6 in Axes
  5077 | D:5      | Gained mutation: A weak demonic guardian rushes to your
                  | aid. [demonic ancestry]
  5077 | D:5      | Reached XP level 7. HP: 22/56 MP: 8/8
  5524 | D:5      | Identified the +8 war axe of Uskayaw's Hatred {flame, Fly
                  | rElec rN+ Str-4}
  5557 | D:5      | Reached skill level 7 in Axes
  5816 | D:5      | Gained mutation: You have sharp fingernails. [demonic
                  | ancestry]
  5816 | D:5      | Reached XP level 8. HP: 64/64 MP: 9/9
  6098 | D:5      | Found an ancient bone altar of Kikubaaqudgha.
  6170 | D:5      | Found a hazy altar of Hepliaklqana.
  6174 | D:5      | Found a shadowy altar of Dithmenos.
  6563 | D:6      | Reached skill level 8 in Axes
  6566 | D:6      | Noticed a kobold demonologist
  6573 | D:6      | Killed a kobold demonologist
  6587 | D:6      | Reached skill level 9 in Axes
  6889 | D:6      | Gained mutation: You may rarely emit foul miasma when
                  | damaged in melee. [demonic ancestry]
  6889 | D:6      | Reached XP level 9. HP: 65/72 MP: 10/10
  7257 | D:6      | Noticed a two-headed ogre
  7262 | D:6      | Killed a two-headed ogre
  7263 | D:6      | Reached skill level 10 in Axes
  7674 | D:6      | Found a shimmering blue altar of Sif Muna.
  7720 | D:6      | Found a staircase to the Ecumenical Temple.
  7745 | D:6      | HP: 2/75 [orc wizard/magic dart (3)]
  7746 | D:6      | Succumbed to an orc warrior's poison

Illustrated notes

Levels and vault maps discovered:
D:1:      wander_arrival_desolate, layout_basic,
          dreamdust_ecumenical_altar_grove, minmay_small_reverse_x
D:2:      layout_rooms, serial_shops, shop
D:3:      layout_rooms, palyth_stone_intersect, serial_bayou_pond_c,
          minivault_19, minmay_misc_feat_x
D:4:      layout_loops_ring, amcnicky_mini_rare_corridor_liquid,
          chequers_serial_rivers_large_a, minmay_snake_closets
D:5:      layout_loops_ring, kennysheep_mini_moat,
          riverfiend_overflow_shadow_ancestor, gup_sewer_entry_bubbles,
          uniq_prince_ribbit1
D:6:      cheibrodos_fzero, layout_loops_ring,
          mainiacjoe_overflow_six_doors_small, nicolae_overflow_hidden_temple,
          minmay_temple_entry_stoned_glass

Skill      XL: |  1  2  3  4  5  6  7  8  9 |
---------------+----------------------------+-----
Axes           | 3 4 5 6 7 9 10 | 10.6
Fighting       | 4 5 6 7 8 |  8.5
Armour         | |  0.8
Spellcasting   | |  1.0
Fire Magic     | |  2.6

Action                   |  1- 3 |  4- 6 |  7- 9 || total
-------------------------+-------+-------+-------++-------
Melee: Hand axe          |   127 |   141 |    13 ||   281
       War axe           |       |       |   167 ||   167
 Fire: Hunting sling     |       |   102 |     6 ||   108
Throw: Stone             |    39 |     3 |     7 ||    49
Invok: Foxfire Swarm     |       |     7 |     4 ||    11
Evoke: Wand              |       |     2 |     6 ||     8
  Use: Scroll            |       |     6 |     5 ||    11
       Potion            |       |       |     3 ||     3
Armor: Ring mail         |    50 |    99 |    72 ||   221
       Robe              |     1 |       |       ||     1
       Scale mail        |       |       |    19 ||    19
Dodge: Dodged            |    78 |   109 |    78 ||   265

Table legend: (Time is in decaauts)
 A = Elapsed time spent in this place.
 B = Non-inter-level travel time spent in this place.
 C = Inter-level travel time spent in this place.
 D = Time resting spent in this place.
 E = Time spent auto-exploring this place.
 F = Levels seen in this place.
 G = Mean time per level.
                   A        B        C        D        E       F      G
               +--------+--------+--------+--------+--------+-----+--------+
         Total |   7816 |   7524 |    292 |   2232 |   3780 |   6 | 1302.7 |
       Dungeon |   7816 |   7524 |    292 |   2232 |   3780 |   6 | 1302.7 |
               +--------+--------+--------+--------+--------+-----+--------+

Top non-repeatable levels by time:
     D:4: 1831 daAuts
     D:5: 1467 daAuts
     D:1: 1449 daAuts
     D:2: 1332 daAuts
     D:6: 978 daAuts
     D:3: 756 daAuts
